 Dungeon Crawl Stone Soup version 0.30-a0-458-g86641cc369 (webtiles) character file.

Game seed: 2319163762438830659

74 p00ps00p the Trooper (level 4, -4/41 HPs)
             Began as a Hill Orc Fighter on Dec 15, 2022.
             Slain by an orc
             ... wielding a +0 trident
              (6 damage)
             ... on level 3 of the Dungeon.
             The game lasted 00:01:54 (1205 turns).

p00ps00p the Trooper (Hill Orc Fighter)             Turns: 1205, Time: 00:01:55

Health: -4/41      AC:  8    Str: 17 (20) XL:     4   Next: 30%
Magic:  4/4        EV:  9    Int:  5 (8)  God:
Gold:   80         SH:  4    Dex:  9 (10) Spells: 3/3 levels left

rFire   . . .      SeeInvis .    a - +0 war axe
rCold   . . .      Faith    .    c - +0 buckler
rNeg    . . .      Spirit   .    b - +0 scale mail
rPois   .          Reflect  .    (no helmet)
rElec   .          Harm     .    e - +0 cloak
rCorr   .          Rampage  .    (no gloves)
Will    .....                    (no boots)
Stlth   ..........               (no amulet)
HPRegen 0.26/turn                (no ring)
MPRegen 0.09/turn                (no ring)

@: mighty
A: no striking features
a: no special abilities


You were on level 3 of the Dungeon.
You visited 1 branch of the dungeon, and saw 3 of its levels.

You collected 80 gold pieces.

Inventory:

Hand Weapons
 a - a +0 war axe (weapon)
Armour
 b - a +0 scale mail (worn)
 c - a +0 buckler (worn)
 e - a +0 cloak (worn)
Scrolls
 g - a scroll of teleportation
 i - a scroll of vulnerability
 m - a scroll of poison
Potions
 d - a potion of might
 h - a potion of curing
 j - a potion of brilliance
 k - a potion of resistance
 l - a potion of degeneration


   Skills:
 + Level 4.3 Fighting
 + Level 3.7 Axes
 + Level 4.0 Armour
 + Level 3.9 Shields


You had 3 spell levels left.
You didn't know any spells.
Your spell library contained the following spells:

 Spells                   Type           Power      Damage    Failure   Level
 Fireball                 Conj/Fire      0%         3d3       100%        5
 Iskenderun's Battlesphe  Conj           0%         2d6       100%        5
 Conjure Ball Lightning   Conj/Air       0%         3x3d6     100%        6
 Orb of Destruction       Conj           0%         9d5       100%        7


Dungeon Overview and Level Annotations

Branches:
Dungeon (3/15)

Altars:
Cheibriados

Shops:
D:1 !


Message History

You are too injured to fight recklessly!
You are too injured to fight recklessly!
You are too injured to fight recklessly!
You are too injured to fight recklessly!
You are too injured to fight recklessly!
You are too injured to fight recklessly!
You are too injured to fight recklessly!
You are too injured to fight recklessly!
You are too injured to fight recklessly!
You are too injured to fight recklessly!
You are too injured to fight recklessly!
You are too injured to fight recklessly!
Unknown command.
You are too injured to fight recklessly!
Unknown command.
You are too injured to fight recklessly!
Unknown command.
You are too injured to fight recklessly!
You feel very mighty all of a sudden. The orc barely misses you.
The orc closely misses you.
You slash the orc!
You kill the orc!
You closely miss the orc. The orc closely misses you.
The orc hits you from afar with a +0 trident.
* * * LOW HITPOINT WARNING * * *
You slash the orc!
You kill the orc!
You completely miss the orc.
The orc hits you from afar with a +0 trident.
* * * LOW HITPOINT WARNING * * *
You block the orc's attack.
The orc hits you from afar with a +0 trident.
* * * LOW HITPOINT WARNING * * *
The orc hits you but does no damage.
An orc comes into view. It is wielding a +0 dagger.
It was a potion of degeneration.
There was something very wrong with that liquid.
You feel weakened.
You feel dopey.
You feel clumsy.
The orc hits you from afar with a +0 trident.
You die...

#.... #.... ..oo
#..# # #..# ...
#.o# #
.....####o.#.#####
P.P[.oo@oo<.......
[..PP.######.#####
.8... # ...P


.PP PP . You could see 6 orcs.

Vanquished Creatures
  2 adders (D:2)
  A worm (D:2)
  2 dart slugs (D:2)
  2 orcs (D:3)
  3 bats (D:1)
  5 endoplasms
  2 giant cockroaches (D:1)
  2 goblins (D:2)
  3 hobgoblins (D:2)
  3 jackals (D:2)
  2 quokkas (D:1)
  4 ball pythons
  2 frilled lizards (D:1)
  6 kobolds (D:1)
  6 rats
45 creatures vanquished.

Notes
Turn   | Place    | Note
-------+----------+-------------------------------------------
     0 | D:1      | p00ps00p the Hill Orc Fighter began the quest for the Orb.
     0 | D:1      | Reached XP level 1. HP: 19/19 MP: 1/1
    86 | D:1      | Reached XP level 2. HP: 24/27 MP: 2/2
   252 | D:1      | Found Tikyeq's Distillery.
   311 | D:1      | Found a faded altar of an unknown god.
   612 | D:2      | Reached XP level 3. HP: 33/33 MP: 3/3
   744 | D:2      | Found a snail-covered altar of Cheibriados.
   900 | D:2      | Reached XP level 4. HP: 40/40 MP: 4/4
  1204 | D:3      | HP: 2/41 [orc/+0 trident (1)]
  1205 | D:3      | Slain by an orc

Illustrated notes

Levels and vault maps discovered:
D:1:      minmay_arrival_three_doors, layout_basic,
          ebering_ecumenical_altar_mist, serial_shops,
          nicolae_shop_competitors_out_of_business, nrook_mini_vaults,
          minivault_23, minmay_small_reverse_x
D:2:      layout_basic, basic_altar
D:3:      layout_loops_ring, amcnicky_altar_gilded, serial_shops, shop,
          nicolae_shop_overgrown_old_shop, shop, hellmonk_ghost_happy_afterlife,
          dreamdust_mushroom_princess

Skill      XL: |  1  2  3  4 |
---------------+-------------+-----
Axes           | 3 |  3.7
Fighting       | 4 |  4.3
Armour         | 4 |  4.0
Shields        | |  3.9

Action                   |  1- 3 |  4- 6 || total
-------------------------+-------+-------++-------
Melee: War axe           |   104 |    23 ||   127
  Use: Scroll            |     4 |     3 ||     7
       Potion            |       |     2 ||     2
Armor: Scale mail        |    65 |    19 ||    84
Dodge: Dodged            |    55 |    16 ||    71
Block: Buckler           |    22 |     9 ||    31

Table legend: (Time is in decaauts)
 A = Elapsed time spent in this place.
 B = Non-inter-level travel time spent in this place.
 C = Inter-level travel time spent in this place.
 D = Time resting spent in this place.
 E = Time spent auto-exploring this place.
 F = Levels seen in this place.
 G = Mean time per level.
                   A        B        C        D        E       F      G
               +--------+--------+--------+--------+--------+-----+--------+
         Total |   1253 |   1223 |     30 |      0 |    903 |   3 |  417.7 |
       Dungeon |   1253 |   1223 |     30 |      0 |    903 |   3 |  417.7 |
               +--------+--------+--------+--------+--------+-----+--------+

Top non-repeatable levels by time:
     D:1: 634 daAuts
     D:2: 606 daAuts
     D:3: 12 daAuts
